 Dungeon Crawl Stone Soup version 0.30-a0-6-g7c9e10e132 (webtiles) character file.

Game seed: 4566912108509932417

39 Setbun the Magician (level 3, 0/25 HPs)
             Began as a Djinni Fire Elementalist on Aug 22, 2022.
             Slain by Natasha (6 damage)
             ... on level 2 of the Dungeon.
             The game lasted 00:02:04 (2343 turns).

Setbun the Magician (Djinni Fire Elementalist)      Turns: 2343, Time: 00:02:05

Health: 0/25       AC:  2    Str:  7    XL:     3   Next: 67%
Gold:   86         EV: 12    Int: 18    God:
                   SH:  0    Dex: 13

rFire   + + .      SeeInvis .    (no weapon)
rCold   x . .      Faith    .    (no shield)
rNeg    . . .      Spirit   .    a - +0 robe
rPois   ∞          Reflect  .    (no helmet)
rElec   .          Harm     .    (no cloak)
rCorr   +          Rampage  .    (no gloves)
Will    .....                    (boots unavailable)
Stlth   ++........               (no amulet)
HPRegen 0.08/turn                d - ring of resist corrosion
MPRegen 0.00/turn                (no ring)

@: flying, very slightly contaminated, slowed, very slow
A: sickness immunity, fire resistance 2, cold vulnerability 1, float, innate
caster, HP casting, extra vitality 1
a: no special abilities


You were on level 2 of the Dungeon.
You visited 1 branch of the dungeon, and saw 2 of its levels.

You collected 86 gold pieces.

Inventory:

Armour
 a - a +0 robe (worn)
Jewellery
 d - a ring of resist corrosion (left hand)
Scrolls
 c - a scroll of noise {unknown}
 f - 2 scrolls of teleportation {unknown}
 g - a scroll of identify {unknown}
 i - a scroll of amnesia {unknown}
Potions
 b - a potion of might {unknown}
 e - a potion of curing {unknown}
 h - a potion of degeneration {unknown}


   Skills:
 + Level 2.3 Dodging
 - Level 1.5 Stealth
 * Level 3.4 Spellcasting


You couldn't memorise any spells.
You knew the following spells:

 Your Spells              Type           Power      Damage    Failure   Level
a - Foxfire               Conj/Fire      60%        2x1d7     3%          1
b - Scorch                Fire           30%        2d7       6%          2
c - Conjure Flame         Conj/Fire      15%        6-21      12%         3
d - Inner Flame           Hex/Fire       15%        N/A       12%         3
e - Flame Wave            Conj/Fire      15%        2d7       36%         4
f - Sting                 Tmut/Pois      60%        1d6       3%          1
Your spell library was empty.

Dungeon Overview and Level Annotations

Branches:
Dungeon (2/15)

Altars:

Annotations:
D:2 Natasha


Innate Abilities, Weirdness & Mutations

You are immune to sickness and miasma.
You are immune to poison.
Your flesh is very heat resistant. (rF++)
You are vulnerable to cold. (rC-)
You float through the air rather than walking.
You learn spells naturally, not from books.
Your magical power is your life essence.
You have superior vitality. (+4 MHP)


Message History

You are very lightly contaminated with residual magic.
Nothing appears to happen.
Your foxfire dissipates! x2
You reach down and open the door.
A rat comes into view.
Your foxfire dissipates! x2
A rat is nearby!
You conjure some foxfire!
The foxfire hits the rat but does no damage.
The foxfire hits the rat.
You kill the rat!
You reach down and open the door.
A rat comes into view.
Your magical contamination has completely faded away.
You conjure some foxfire!
Your foxfire dissipates!
Natasha, Servant of Life and Death comes into view.
The foxfire hits the rat.
The rat is heavily wounded.
Natasha hisses angrily.
The rat twitches its whiskers.
You conjure some foxfire!
The rat bites you but does no damage.
Your foxfire dissipates!
The foxfire hits the rat.
You kill the rat!
You conjure some foxfire!
Natasha stares at you and mumbles some strange words.
You feel yourself slow down.
The foxfire hits Natasha.
Natasha is lightly wounded.
The foxfire hits Natasha but does no damage.
Natasha is lightly wounded.
You miscast Foxfire.
You are very lightly contaminated with residual magic.
Nothing appears to happen.
Natasha casts a spell at you. The magic dart hits you!
* * * LOW HITPOINT WARNING * * *
Natasha claws you.
You die...

#### # .... ### #.
#... ..# ##..##..# #.#
... ....# #.## #...
#..###########.)#
#....#h@#.#†#.#.#.#..#
#......§#'#'#†#'#†#..#
.....##.§....†.......#
###. ######.........#
# ######.#### #.# ##+#
#.# ##...## #.#
##.....## ### #.#


You could see Natasha.

Vanquished Creatures
  A worm (D:2)
  A dart slug (D:1)
  2 ball pythons (D:1)
  5 endoplasms (D:1)
  A giant cockroach (D:2)
  3 hobgoblins (D:1)
  6 jackals (D:1)
  2 quokkas (D:1)
  A bat (D:1)
  A frilled lizard (D:1)
  2 kobolds (D:1)
  5 rats (D:2)
30 creatures vanquished.

Vanquished Creatures (others)
  136 foxfires
136 creatures vanquished.

Grand Total: 166 creatures vanquished

Notes
Turn   | Place    | Note
-------+----------+-------------------------------------------
     0 | D:1      | Setbun the Djinni Fire Elementalist began the quest for the
                  | Orb.
     0 | D:1      | Setbun set off with the following spells memorised:
                  | Foxfire, Scorch, Conjure Flame, Inner Flame, Flame Wave.
     0 | D:1      | Reached XP level 1. HP: 15/15 MP: 0/0
   318 | D:1      | Reached XP level 2. HP: 15/21 MP: 0/0
   630 | D:1      | Reached skill level 3 in Spellcasting
   991 | D:1      | Reached XP level 3. HP: 14/25 MP: 0/0
   991 | D:1      | Learned a level 1 spell: Sting
  1550 | D:1      | Found a faded altar of an unknown god.
  2337 | D:2      | Noticed Natasha
  2343 | D:2      | Slain by Natasha

Illustrated notes

Levels and vault maps discovered:
D:1:      ncdulo_watergridlock, layout_basic,
          hellmonk_ecumenical_altar_slurped_away
D:2:      layout_loops_corners, basic_altar, st_stairs_7,
          minmay_rat_gold_closets, uniq_terence, uniq_natasha

Skill      XL: |  1  2 |
---------------+-------+-----
Spellcasting   | 3 |  3.4
Dodging        | |  2.3
Stealth        | |  1.5

Action                   || total
-------------------------++-------
Melee: Unarmed           ||     8
 Cast: Foxfire           ||   102
       Sting             ||     2
Armor: Robe              ||     5
Dodge: Dodged            ||    16

Table legend: (Time is in decaauts)
 A = Elapsed time spent in this place.
 B = Non-inter-level travel time spent in this place.
 C = Inter-level travel time spent in this place.
 D = Time resting spent in this place.
 E = Time spent auto-exploring this place.
 F = Levels seen in this place.
 G = Mean time per level.
                   A        B        C        D        E       F      G
               +--------+--------+--------+--------+--------+-----+--------+
         Total |   2342 |   2306 |     36 |    382 |   1729 |   2 | 1171.0 |
       Dungeon |   2342 |   2306 |     36 |    382 |   1729 |   2 | 1171.0 |
               +--------+--------+--------+--------+--------+-----+--------+

Top non-repeatable levels by time:
     D:1: 2046 daAuts
     D:2: 296 daAuts
